 Dungeon Crawl Stone Soup version 0.29-a0-474-gdfe5cd140f (webtiles) character file.

Game seed: 6354318561733179527

79 roflturtle the Firebug (level 4, 0/24 HPs)
             Began as a Tengu Fire Elementalist on May 23, 2022.
             Slain by Terence
             ... wielding a +0 flail
              (9 damage)
             ... on level 3 of the Dungeon.
             The game lasted 00:06:14 (2701 turns).

roflturtle the Firebug (Tengu Fire Elementalist)    Turns: 2701, Time: 00:06:15

Health: 0/24       AC:  2    Str:  8    XL:     4   Next: 38%
Magic:  3/9        EV: 12    Int: 18    God:
Gold:   98         SH:  0    Dex: 14    Spells: 3/9 levels left

rFire   . . .      SeeInvis .   k - +0 short sword
rCold   . . .      Faith    .   (no shield)
rNeg    . . .      Spirit   .   a - +0 robe
rPois   .          Reflect  .   (helmet restricted)
rElec   .          Harm     .   (no cloak)
rCorr   .          Rampage  .   (no gloves)
Will    .....                   (boots unavailable)
Stlth   ++........              (no amulet)
HPRegen 0.08/turn               (no ring)
MPRegen 0.11/turn               (no ring)

@: no status effects
A: beak, talons 3
a: no special abilities


You were on level 3 of the Dungeon.
You visited 1 branch of the dungeon, and saw 3 of its levels.

You collected 98 gold pieces.

Inventory:

Hand Weapons
 k - a +0 short sword (weapon)
Armour
 a - a +0 robe (worn)
Jewellery
 g - an amulet of reflection
Scrolls
 c - 2 scrolls of identify {unknown}
 f - a scroll of vulnerability {unknown}
 h - a scroll of poison {unknown}
 m - 2 scrolls of teleportation {unknown}
 p - a scroll of silence {unknown}
Potions
 b - a potion of magic
 d - a potion of ambrosia {unknown}
 e - 3 potions of curing {unknown}
 i - 2 potions of haste {unknown}
 j - a potion of berserk rage {unknown}
 l - a potion of cancellation {unknown}
 n - a potion of might {unknown}
 o - a potion of flight {unknown}


   Skills:
 - Level 2.1 Dodging
 - Level 2.0 Stealth
 - Level 3.0 Spellcasting
 - Level 2.1 Conjurations
 + Level 4.5 Fire Magic


You had 3 spell levels left.
You knew the following spells:

 Your Spells              Type           Power      Damage    Failure   Level
a - Foxfire               Conj/Fire      56%        2x1d6     4%          1
b - Scorch                Fire           38%        2d7       3%          2
c - Inner Flame           Hex/Fire       10%        N/A       19%         3

Your spell library contained the following spells:

 Spells                   Type           Power      Damage    Failure   Level
 Conjure Flame            Conj/Fire      14%        6-21      12%         3
 Flame Wave               Conj/Fire      14%        2d6       38%         4


Dungeon Overview and Level Annotations

Branches:
Dungeon (3/15)

Altars:
Xom

Shops:
D:1 :

Annotations:
D:3 Ijyb, Terence


Innate Abilities, Weirdness & Mutations

You have a beak for a mouth.
You have claws for feet.


Message History

There is a stone staircase leading down here.
You climb downwards.
Found a pink potion.
There is a stone staircase leading up here.
i - 2 pink potions (gained 1)
Found a stone staircase leading down.
Terence the Incautious comes into view.
He is wielding a +0 flail.
Terence shouts!
You conjure some foxfire!
You conjure some foxfire!
The foxfire hits Terence.
Terence is lightly wounded.
Casting: Foxfire (safe; 4% risk of failure)
Confirm with . or Enter, or press ? or * to list all spells.
Flames lash Terence.
Terence is lightly wounded.
Terence's fire resistance burns away.
The foxfire hits Terence but does no damage.
Terence is lightly wounded.
The foxfire hits Terence but does no damage.
Terence is lightly wounded.
The foxfire hits Terence but does no damage.
Terence is lightly wounded.
You conjure some foxfire!
Ijyb the Twisted Goblin comes into view.
She is wielding a +0 dagger and carrying a wand of iceblast (9).
Terence closely misses you.
Casting: Foxfire (safe; 4% risk of failure)
Confirm with . or Enter, or press ? or * to list all spells.
Flames lash Ijyb.
Ijyb is lightly wounded.
Ijyb's fire resistance burns away.
The foxfire hits Terence.
Terence is burned terribly!
Terence is moderately wounded.
The foxfire hits Terence.
Terence is moderately wounded.
Terence closely misses you.
Terence is no longer more vulnerable to fire.
Terence hits you with a +0 flail! Terence attacks as you move away!
Terence hits you with a +0 flail! Terence attacks as you move away!
Terence hits you with a +0 flail!
You die...

############
#..@@<.....#
#g########.#
#.# #g#
#.#.##.#######
#............#
#.#.##>#####.#
# #.# #..


You could see Ijyb and Terence.

Vanquished Creatures
  3 adders (D:2)
  2 worms (D:2)
  2 bats
  2 endoplasms
  4 giant cockroaches
  7 goblins
  2 hobgoblins
  2 jackals (D:2)
  4 kobolds (D:2)
  5 quokkas
  3 ball pythons (D:1)
  5 frilled lizards (D:2)
  2 rats (D:1)
43 creatures vanquished.

Vanquished Creatures (others)
  194 foxfires
194 creatures vanquished.

Grand Total: 237 creatures vanquished

Notes
Turn   | Place    | Note
-------+----------+-------------------------------------------
     0 | D:1      | roflturtle the Tengu Fire Elementalist began the quest for
                  | the Orb.
     0 | D:1      | Reached XP level 1. HP: 10/10 MP: 4/4
   360 | D:1      | Reached XP level 2. HP: 15/15 MP: 0/6
   498 | D:1      | Found a faded altar of an unknown god.
   603 | D:1      | Found Qeumpyomm's Book Shoppe.
  1115 | D:2      | Reached XP level 3. HP: 19/19 MP: 3/8
  1118 | D:2      | Learned a level 2 spell: Scorch
  1122 | D:2      | Learned a level 3 spell: Inner Flame
  1571 | D:2      | Reached skill level 4 in Fire Magic
  1574 | D:2      | Reached XP level 4. HP: 5/24 MP: 0/9
  1923 | D:2      | Found a shimmering altar of Xom.
  2688 | D:3      | Noticed Terence
  2692 | D:3      | Noticed Ijyb
  2701 | D:3      | Slain by Terence

Illustrated notes

Levels and vault maps discovered:
D:1:      minmay_arrival_four_circles, layout_basic,
          ebering_ecumenical_altar_petrified, serial_shops, shop
D:2:      layout_basic, basic_altar, dk_noncrumbling_2
D:3:      layout_loops_ring, serial_shops, shop, grunt_decor_mini_mirrors,
          uniq_grinder, uniq_terence, uniq_ijyb

Skill      XL: |  1  2  3 |
---------------+----------+-----
Conjurations   | 2 |  2.1
Spellcasting   | 3 |  3.0
Fire Magic     | 4 |  4.5
Dodging        | |  2.1
Stealth        | |  2.0

Action                   |  1- 3 |  4- 6 || total
-------------------------+-------+-------++-------
Melee: Unarmed           |     7 |     2 ||     9
       Peck              |     2 |       ||     2
       Kick              |     1 |       ||     1
       Short sword       |       |     2 ||     2
 Cast: Foxfire           |    80 |    36 ||   116
       Scorch            |     4 |     5 ||     9
Armor: Robe              |     3 |     1 ||     4
Dodge: Dodged            |     8 |     7 ||    15

Table legend: (Time is in decaauts)
 A = Elapsed time spent in this place.
 B = Non-inter-level travel time spent in this place.
 C = Inter-level travel time spent in this place.
 D = Time resting spent in this place.
 E = Time spent auto-exploring this place.
 F = Levels seen in this place.
 G = Mean time per level.
                   A        B        C        D        E       F      G
               +--------+--------+--------+--------+--------+-----+--------+
         Total |   2700 |   2664 |     36 |      0 |   2396 |   3 |  900.0 |
       Dungeon |   2700 |   2664 |     36 |      0 |   2396 |   3 |  900.0 |
               +--------+--------+--------+--------+--------+-----+--------+

Top non-repeatable levels by time:
     D:2: 1566 daAuts
     D:1: 1111 daAuts
     D:3: 22 daAuts
